 Dungeon Crawl Stone Soup version 0.17-a0-1949-g1acca9a (webtiles) character file.

5017 Ordine the Stickfighter (level 10, -1/66 HPs)
             Began as a Minotaur Gladiator on Oct 2, 2015.
             Was a Believer of Okawaru.
             Slain by a troll (6 damage)
             ... on level 9 of the Dungeon.
             The game lasted 00:29:23 (7313 turns).

Ordine the Stickfighter (Minotaur Gladiator)        Turns: 7313, Time: 00:29:24

Health: -1/66      AC: 23    Str: 22    XL:     10   Next: 30%
Magic:  9/9        EV: 13    Int:  5    God:    Okawaru [**....]
Gold:   583        SH:  0    Dex: 14    Spells: 0 memorised, 9 levels left

rFire  . . .     SeeInvis .     a - +1 quarterstaff
rCold  + . .     Clarity  .     F - +3 scale mail {rC+}
rNeg   + . .     SustAt   .     (no shield)
rPois  .         Gourm    .     c - +0 hat
rElec  .         Spirit   .     q - +0 cloak
rCorr  .         Warding  +     m - +0 pair of gloves
rMut   .         Stasis   .     l - +2 pair of boots {Stlth+}
MR     .....                    C - amulet of warding
Stlth  +.........               (no ring)
                                (no ring)

@: not resistant to hostile enchantments, very unstealthy
A: retaliatory headbutt, horns 2, iridescent scales 1, yellow scales 1, blurry
vision 1, frail 2, shaggy fur 1, spit poison 1, strong 1
a: Spit Poison, Heroism, Renounce Religion


You were on level 9 of the Dungeon.
You worshipped Okawaru.
Okawaru was pleased with you.
You were hungry.

You visited 2 branches of the dungeon, and saw 11 of its levels.

You collected 583 gold pieces.

Inventory:

Hand weapons
 a - a +1 quarterstaff (weapon)
 w - the +2 short sword "Qakha" {holy, Dex+2}
   (You found it on level 4 of the Dungeon)

   It has been blessed by the Shining One to cause great damage to the undead
   and demons.
   It affects your dexterity (+2).
Missiles
 d - 3 throwing nets (quivered)
Armour
 c - a +0 hat (worn)
 l - a +2 pair of boots of stealth (worn)
 m - a +0 pair of gloves (worn)
 q - a +0 cloak (worn)
 F - a +3 scale mail of cold resistance (worn)
Magical staves
 M - an uncursed staff of poison
 P - an uncursed staff of power
Jewellery
 k - an uncursed ring of wizardry
 C - an amulet of warding (around neck)
Magical devices
 n - a wand of teleportation (1)
 r - a wand of disintegration (10)
 v - a wand of polymorph (10)
 E - a wand of random effects (32)
 G - a wand of lightning (11)
 H - a wand of disintegration (17)
 J - a wand of polymorph (7)
 L - a wand of flame (11)
 N - a wand of lightning (7)
Scrolls
 b - 3 scrolls of enchant armour
 i - 3 scrolls of teleportation
 j - 5 scrolls of enchant weapon
 s - 2 scrolls of remove curse
 I - 2 scrolls of fog
Potions
 g - 2 potions of curing
 o - 2 potions of cancellation
 p - 2 potions of agility
 t - a potion of ambrosia
 B - a potion of brilliance
 D - a potion of magic
 O - a potion of cure mutation {unknown}
Books
 y - a book of Beasts

   Spells                             Type                      Level
   a - Summon Butterflies             Summoning                    1
   b - Call Canine Familiar           Summoning                    3
   c - Summon Ice Beast               Ice/Summoning                4
   d - Summon Mana Viper              Hexes/Summoning              5
   e - Summon Hydra                   Summoning                    7
Miscellaneous
 x - a legendary deck of summoning
Comestibles
 e - 12 bread rations
 f - 4 meat rations
 u - 4 beef jerkies
 z - a slice of pizza
 A - 5 fruits


   Skills:
 + Level 5.9 Fighting
 - Level 15.0 Staves
 - Level 2.0 Throwing
 + Level 5.5 Armour
 + Level 5.9 Dodging


You had 9 spell levels left.
You didn't know any spells.

Dungeon Overview and Level Annotations

Branches:
Dungeon (10/15)            Temple (1/1) D:7
   Lair: D:8-11         Orc: D:9-12

Altars:
Ashenzari
Cheibriados
Dithmenos
Elyvilon
Fedhas
Gozag
Kikubaaqudgha
Makhleb
Nemelex Xobeh
Okawaru
Qazlal
Ru
Sif Muna
Trog
Vehumet
Xom
Yredelemnul
Zin
The Shining One

Shops:
D:4 :


Innate Abilities, Weirdness & Mutations

You reflexively headbutt those who attack you in melee.
You have a pair of horns on your head.
You are partially covered in iridescent scales (AC +4).
You are partially covered in yellow scales (AC +2).
Scrolls take you a little longer to read.
You are very frail (-20% HP).
You are covered in fur (AC +1).
You can spit weak poison.
Your muscles are strong. (Str +2)


Message History

The troll bites you! The troll closely misses you.
The troll claws you but does no damage.
Your scale mail prevents you from hitting the troll.
Your headbutt misses the troll.
The troll is heavily wounded.
The troll bites you!
* * * LOW HITPOINT WARNING * * *
The troll claws you but does no damage. The troll closely misses you.
You are too injured to fight recklessly!
You are too injured to fight recklessly!
You are too injured to fight recklessly!
You are too injured to fight recklessly!
You sock the troll!
The troll is severely wounded.
You closely miss the troll. You headbutt the troll.
The troll is severely wounded.
The troll bites you!
* * * LOW HITPOINT WARNING * * *
The troll barely misses you. The troll claws you.
You die...

#. ####.# ##.#
###.##.######## #..=.
............... #....
...##.#.....## ##....#
###.##.#.....# .......
............#
.......#####.##.#.....##
..>....@..........(.....
..#.##T#####.##.......##
... ...####.....#. ###.
...### #.....#. #.##..
#.....#.
#...$.######.....#.
#.###.............( #.
.............(
..............


You could see a troll.

Vanquished Creatures
  A gargoyle (D:10)
  Grinder (D:6)
  2 two-headed ogres
  Prince Ribbit (D:6)
  4 yaks (D:9)
  A spriggan (D:7)
  A soldier ant (D:10)
  Edmund (D:6)
  An orc warrior (D:7)
  2 ice beasts (D:9)
  A black bear (D:7)
  3 ogres
  6 sky beasts
  3 centaurs
  2 big kobolds
  4 giant frogs
  A wyvern skeleton (D:9)
  3 scorpions
  4 crimson imps
  A giant frog zombie (D:9)
  An orc priest (D:7)
  Ijyb (D:3)
  2 hounds
  A jelly (D:7)
  A giant frog skeleton (D:6)
  Natasha (thrice) (D:2)
  A killer bee zombie (D:6)
  5 orc wizards
  6 worker ants
  A hound skeleton (D:8)
  A worker ant zombie (D:5)
  5 adders
  4 shadow imps
  3 adder zombies
  2 adder skeletons
  5 worms
  2 giant geckos
  17 orcs
  7 bats
  6 giant cockroaches
  5 goblins
  13 hobgoblins
  18 jackals
  13 kobolds
  4 quokkas
  A ball python (D:7)
  6 giant newts
  A quokka zombie (D:6)
  11 rats
189 creatures vanquished.

Notes
Turn   | Place    | Note
--------------------------------------------------------------
     0 | D:1      | Ordine the Minotaur Gladiator began the quest for the Orb.
     0 | D:1      | Reached XP level 1. HP: 18/18 MP: 0/0
    55 | D:1      | Reached skill level 4 in Staves
   230 | D:1      | Lost intelligence.
   573 | D:1      | Reached XP level 2. HP: 25/25 MP: 1/1
   960 | D:2      | Reached skill level 5 in Staves
   961 | D:2      | Reached XP level 3. HP: 24/30 MP: 2/2
  1038 | D:2      | Noticed Natasha
  1045 | D:2      | Killed Natasha
  1045 | D:2      | Reached XP level 4. HP: 28/37 MP: 3/3
  1045 | D:2      | Reached skill level 6 in Staves
  1071 | D:2      | Noticed Natasha
  1075 | D:2      | Killed Natasha
  1100 | D:2      | Noticed Natasha
  1105 | D:2      | Killed Natasha
  1232 | D:2      | You fall through a shaft!
  1652 | D:3      | Found a faded altar to an unknown god.
  1655 | D:3      | Reached skill level 7 in Staves
  1655 | D:3      | Reached XP level 5. HP: 42/42 MP: 4/4
  1726 | D:3      | Reached skill level 8 in Staves
  2030 | D:3      | Reached XP level 6. HP: 48/50 MP: 5/5
  2172 | D:3      | Noticed Ijyb
  2181 | D:3      | Killed Ijyb
  2322 | D:4      | Got a crude short sword
  2323 | D:4      | Identified the +2 short sword "Qakha" {holy, Dex+2} (You found it on level 4 of the Dungeon)
  2443 | D:4      | Reached skill level 9 in Staves
  2874 | D:4      | Found Fyet Oco's Book Shoppe.
  3397 | D:5      | Entered Level 5 of the Dungeon
  3435 | D:5      | Found a shadowy altar of Dithmenos.
  3442 | D:5      | Reached XP level 7. HP: 47/56 MP: 6/6
  3574 | D:5      | Reached skill level 10 in Staves
  4132 | D:6      | Noticed Prince Ribbit
  4145 | D:6      | Killed Prince Ribbit
  4145 | D:6      | Reached skill level 11 in Staves
  4219 | D:6      | Noticed Edmund
  4246 | D:6      | Killed Edmund
  4246 | D:6      | Reached XP level 8. HP: 46/62 MP: 7/7
  4376 | D:6      | Found a blossoming altar of Fedhas.
  4391 | D:6      | Reached skill level 12 in Staves
  4442 | D:6      | Noticed Grinder
  4451 | D:6      | Paralysed by Grinder for 3 turns
  4460 | D:6      | Paralysed by Grinder for 7 turns
  4470 | D:6      | Killed Grinder
  4470 | D:6      | Reached skill level 13 in Staves
  4643 | D:7      | Found a sparkling altar of Nemelex Xobeh.
  4837 | D:7      | Reached XP level 9. HP: 55/68 MP: 8/8
  4856 | D:7      | Reached skill level 14 in Staves
  4873 | D:7      | Gained mutation: Armour fits poorly on your strangely shaped body. [mutagenic meat]
  4874 | D:7      | Gained mutation: Your muscles are strong. (Str +2) [mutagenic meat]
  4875 | D:7      | Gained mutation: You are frail (-10% HP). [mutagenic meat]
  4876 | D:7      | Gained mutation: You are partially covered in iridescent scales (AC +4). [mutagenic meat]
  4877 | D:7      | Lost mutation: Armour fits poorly on your strangely shaped body. [mutagenic meat]
  4878 | D:7      | Gained mutation: You are very frail (-20% HP). [mutagenic meat]
  5182 | D:7      | Found a staircase to the Ecumenical Temple.
  5201 | Temple   | Entered the Ecumenical Temple
  5249 | Temple   | Became a worshipper of Warmaster Okawaru
  5302 | D:7      | Noticed a two-headed ogre
  5319 | D:7      | Killed a two-headed ogre
  5694 | D:8      | Reached skill level 15 in Staves
  5789 | D:8      | Reached skill level 1 in Armour
  5867 | D:8      | Gained mutation: Scrolls take you a little longer to read. [mutagenic meat]
  5868 | D:8      | Gained mutation: You can spit weak poison. [mutagenic meat]
  6237 | D:8      | Acquired Okawaru's first power
  6324 | D:9      | Gained mutation: You are covered in fur (AC +1). [mutagenic meat]
  6326 | D:9      | Gained mutation: You are partially covered in yellow scales (AC +2). [mutagenic meat]
  6787 | D:9      | You fall through a shaft!
  6787 | D:10     | Entered Level 10 of the Dungeon
  6787 | D:10     | Noticed a hill giant
  6787 | D:10     | Noticed a gargoyle
  6864 | D:10     | Noticed a wolf spider zombie
  6879 | D:10     | Reached skill level 5 in Dodging
  6879 | D:10     | Reached XP level 10. HP: 19/64 MP: 7/9
  6885 | D:10     | Killed a gargoyle
  6885 | D:10     | Reached skill level 5 in Fighting
  7282 | D:9      | Reached skill level 5 in Armour
  7313 | D:9      | Slain by a troll

Vault maps used:
D:1:      minmay_arrival_four_houses
D:2:      kennysheep_big_flooded_room, uniq_natasha
D:3:      ecumenical_altar_2, uniq_iyjb
D:4:      serial_shops, shop, first_bread
D:5:      grunt_dithmenos_shadows
D:6:      fedhas_bush_and_centaur_altar, uniq_prince_ribbit1, uniq_edmund,
          uniq_grinder
D:7:      minmay_temple_entry_statues, basic_altar, the_bakery
D:10:     minmay_stone_trees_small, minivault_16
Temple:   grunt_circular_temple_18

Action                   |  1- 3 |  4- 6 |  7- 9 | 10-12 || total
-------------------------+-------+-------+-------+-------++-------
Melee: Quarterstaff      |    73 |   161 |   309 |    42 ||   585
Invok: Heroism           |       |       |     1 |       ||     1
 Abil: Spit Poison       |       |       |     1 |       ||     1
Evoke: Wand              |       |       |     1 |       ||     1
  Use: Scroll            |     7 |     5 |    11 |       ||    23
       Potion            |       |       |     2 |     3 ||     5
 Stab: Sleeping          |     4 |     5 |       |       ||     9
  Eat: Chunk             |       |     7 |    23 |     1 ||    31
       Fruit             |       |       |     1 |       ||     1
